 Dungeon Crawl Stone Soup version 0.28.0-47-ge53b351184 (webtiles) character file.

Game seed: 1295392509725782274

4335 firemarshallily the Protected (level 10, -3/118 HPs)
             Began as a Demonspawn Fighter on Apr 26, 2022.
             Was an Elder of Wu Jian.
             Slain by a vampire
             ... wielding a +2 vampiric halberd
              (9 damage)
             ... in a bailey on Apr 27, 2022.
             The game lasted 00:36:27 (7238 turns).

firemarshallily the Protected (Demonspawn Fighter)  Turns: 7238, Time: 00:36:28

Health: -3/118     AC: 12    Str: 25 (27) XL:     10   Next: 12%
Magic:  10/10      EV: 13    Int:  8 (9)  God:    Wu Jian [****..]
Gold:   183        SH: 10    Dex: 11 (13) Spells: 9/9 levels left

rFire   . . .      SeeInvis .   A - +2 broad axe of Blue Duty {drain, rPois}
rCold   . . .      Faith    .   c - +1 buckler
rNeg    . . .      Spirit   .   b - +0 scale mail
rPois   +          Reflect  +   (helmet restricted)
rElec   .          Harm     .   y - +0 cloak
rCorr   +          Rampage  .   p - +0 pair of gloves of the Assorted Bounties {rPois}
Will    .....                   m - +0 pair of boots of Youthful Indiscretion {rCorr}
Stlth   ..........              i - amulet of reflection
HPRegen 0.29/turn               u - +6 ring of strength
MPRegen 0.12/turn               r - +4 ring of evasion

@: berserking (expiring), invisible, very quick
A: antennae 1, claws 1, hooves 2, foul stench 1
a: Renounce Religion, Wall Jump, Serpent's Lash


You were in a bailey.
You worshipped Wu Jian.
Wu Jian was greatly pleased with you.
You visited 1 branch of the dungeon, and saw 9 of its levels.
You also visited: Bailey.

You collected 282 gold pieces.
You spent 99 gold pieces at shops.

Inventory:

Hand Weapons
 a - a +0 war axe
 j - the +3 dagger of Law {elec, *Slow rElec rF+++ Int-5}
   (You found it on level 2 of the Dungeon)

   It occasionally discharges a powerful burst of electricity upon striking a
   foe.
   Int:       It affects your intelligence (-5).
   rF:        It renders you almost immune to fire.
   rElec:     It insulates you from electricity.
   *Slow:     It may slow you when you take damage.
 t - the +5 whip "Myxzyga" {protect, rF+}
   (You found it on level 7 of the Dungeon)

   It grants its wielder temporary protection when it strikes (+7 to AC).
   rF:        It protects you from fire.
 A - the +2 broad axe of Blue Duty (weapon) {drain, rPois}
   (You found it in a bailey)

   A truly terrible weapon, it drains the life of any living foe it strikes.
   rPois:     It protects you from poison.
Missiles
 e - 2 curare-tipped darts
 h - 163 stones (quivered)
Armour
 b - a +0 scale mail (worn)
 c - a +1 buckler (worn)
 d - a +0 plate armour
 k - a +1 chain mail of fire resistance
 m - the +0 pair of boots of Youthful Indiscretion (worn) {rCorr}
   (You found it on level 3 of the Dungeon)

   rCorr:     It protects you from acid and corrosion.
 p - the +0 pair of gloves of the Assorted Bounties (worn) {rPois}
   (You found it on level 4 of the Dungeon)

   rPois:     It protects you from poison.
 y - a +0 cloak (worn)
Jewellery
 i - an amulet of reflection (around neck)
 q - a ring of poison resistance
 r - a +4 ring of evasion (right hand)
 u - a +6 ring of strength (left hand)
 B - an amulet of guardian spirit
Wands
 s - a wand of charming (4)
Scrolls
 f - a scroll of blinking
 g - 2 scrolls of enchant armour
 n - 4 scrolls of teleportation
 o - a scroll of magic mapping {unknown}
 w - a scroll of enchant weapon {unknown}
Potions
 l - 2 potions of resistance
 x - a potion of degeneration
 z - 3 potions of curing


   Skills:
 + Level 7.2 Fighting
 * Level 8.7 Axes
 * Level 9.1 Armour
 - Level 2.7 Shields


You had 9 spell levels left.
You didn't know any spells.
Your spell library contained the following spells:

 Spells                   Type           Power      Damage    Failure   Level
 Animate Skeleton         Necr           0%         N/A       77%         1
 Apportation              Tloc           0%         N/A       77%         1
 Summon Small Mammal      Summ           0%         N/A       77%         1
 Portal Projectile        Hex/Tloc       0%         N/A       98%         3
 Airstrike                Air            0%         N/A       100%        4
 Summon Lightning Spire   Summ/Air       0%         N/A       100%        4
 Blade Hands              Tmut           0%         N/A       100%        5
 Excruciating Wounds      Necr           0%         N/A       100%        5
 Lightning Bolt           Conj/Air       0%         1d11      100%        5


Dungeon Overview and Level Annotations

Branches:
Dungeon (9/15)             Temple (0/1) D:5          Bailey (1/1)
   Lair: D:8-11         Orc: D:9-12

Altars:
Elyvilon
Uskayaw
Wu Jian

Shops:
D:5 ([

Annotations:
D:8 Harold, Maurice


Innate Abilities, Weirdness & Mutations

You have a pair of small antennae on your head.
You have sharp fingernails.
You have hoof-like feet.
You may rarely emit foul miasma when damaged in melee.


Message History

You feel weakened.
You feel dopey.
You feel clumsy.
It was a potion of magic.
Magic courses through your body.
It was a potion of invisibility.
You fade into invisibility!
Something hits you!
It was a potion of berserk rage.
A red film seems to cover your vision as you go berserk!
You feel yourself moving faster!
You feel mighty! Something hits you!
You feel a strong urge to attack something.
Something hits you.
* * * LOW HITPOINT WARNING * * *
Something bites you.
* * * LOW HITPOINT WARNING * * *
Something draws strength from your injuries!
The vampire casts a spell.
The vampire flickers and vanishes!
You closely miss something. You slash something! Something hits you.
* * * LOW HITPOINT WARNING * * *
You slash something! Something barely misses you.
Something bites you but does no damage. Something barely misses you.
You slash something! The Council accepts your kill.
Reactivating autopickup.
You feel a bit more experienced. Something hits you!
* * * LOW HITPOINT WARNING * * *
Deactivating autopickup; reactivate with Ctrl-A.
Something hits you!
* * * LOW HITPOINT WARNING * * *
You block something's attack.
You closely miss something.
You are too berserk!
Okay, then.
You barely miss something.
You hear some strange, mumbled words.
Something tries to affect you, but you resist.
You hit something but do no damage. Something barely misses you.
Something bites you but does no damage.
You slash something! Something hits you!
You die...

.............##...#..#
..♣....)....##....#..#
.....♣......#..).##..#
...♣♣......##..)##...#
.....♣.♣)♣..##......8#
#............##....######
...♣..........#...##...8##
......♣.......#).##...{.[#
#.............#.@#...##.[(#
........♣..♣..#.{'..## #V[#
...#'##.......#..'..# .!#
...#))#####..8#..#...# .#
####..')..#####8.##.... ##
####÷..# ######...8# #.÷.#
##### #####


There were no monsters in sight!

Vanquished Creatures
  A centaur zombie (D:5)
  A gargoyle (Bailey)
  Grinder (D:5)
  A troll (D:5)
  A vampire (Bailey)
  Eustachio (D:5)
  2 vampire mosquitoes (D:8)
  3 sky beasts
  A necrophage (D:8)
  An ogre (D:5)
  A phantom (D:7)
  A bullfrog (D:7)
  3 scorpions
  A water moccasin zombie (D:6)
  2 water moccasin skeletons
  5 wights
  6 vampire bats (Bailey)
  3 wolf zombies (Bailey)
  3 hounds
  2 orc priests
  A bullfrog skeleton (D:5)
  3 iguanas
  5 orc wizards
  A hound skeleton (D:5)
  2 howler monkey zombies
  7 gnolls
  7 adders
  An ufetubus (D:4)
  An adder zombie (D:5)
  2 worms (D:2)
  21 orcs
  8 endoplasms
  3 giant cockroaches
  7 goblins
  6 hobgoblins
  2 jackals (D:2)
  4 quokkas
  4 ball pythons
  7 bats
  3 frilled lizards
  3 kobolds
  20 orc zombies (Bailey)
  2 rats (D:2)
160 creatures vanquished.

Vanquished Creatures (others)
  Erica (D:8)
  A white imp (D:8)
  An ufetubus (D:8)
3 creatures vanquished.

Grand Total: 163 creatures vanquished

Notes
Turn   | Place    | Note
-------+----------+-------------------------------------------
     0 | D:1      | firemarshallily the Demonspawn Fighter began the quest for
                  | the Orb.
     0 | D:1      | Reached XP level 1. HP: 18/18 MP: 1/1
   286 | D:1      | Discovered your monstrous ancestry.
   286 | D:1      | Gained mutation: You have sharp fingernails. [demonic
                  | ancestry]
   286 | D:1      | Reached XP level 2. HP: 24/24 MP: 2/2
   350 | D:1      | Found a faded altar of an unknown god.
   365 | D:1      | Prayed at the altar of an unknown god.
   365 | D:1      | Became a worshipper of the Wu Jian Council
   365 | D:1      | Reached * piety under Wu Jian
   569 | D:2      | Identified the +3 dagger of Law {elec, *Slow rElec rF+++
                  | Int-5}
   679 | D:2      | Reached skill level 3 in Armour
   772 | D:2      | Gained mutation: You have large cloven feet. [demonic
                  | ancestry]
   772 | D:2      | Reached XP level 3. HP: 19/29 MP: 3/3
  1188 | D:2      | Reached ** piety under Wu Jian
  1671 | D:3      | Identified the +0 pair of boots of Youthful Indiscretion
                  | {rCorr}
  1704 | D:3      | Reached XP level 4. HP: 12/35 MP: 4/4
  2243 | D:3      | Gained mutation: You have a pair of small antennae on your
                  | head. [demonic ancestry]
  2243 | D:3      | Reached XP level 5. HP: 33/42 MP: 5/5
  2830 | D:4      | Found an ornate altar of the Wu Jian Council.
  2847 | D:4      | Reached skill level 4 in Armour
  3147 | D:4      | Identified the +0 pair of gloves of the Assorted Bounties
                  | {rPois}
  3253 | D:4      | Gained mutation: You have hoof-like feet. [demonic
                  | ancestry]
  3253 | D:4      | Reached XP level 6. HP: 26/48 MP: 6/6
  3886 | D:5      | Entered Level 5 of the Dungeon
  3908 | D:5      | Found Turphiw's Weapon Shoppe.
  3966 | D:5      | Reached *** piety under Wu Jian
  3967 | D:5      | Reached skill level 5 in Armour
  3967 | D:5      | Reached XP level 7. HP: 30/55 MP: 7/7
  4416 | D:5      | Reached skill level 5 in Fighting
  4416 | D:5      | Reached skill level 5 in Axes
  4655 | D:5      | Found a staircase to the Ecumenical Temple.
  4656 | D:5      | Noticed a troll
  4667 | D:5      | Killed a troll
  4668 | D:5      | Reached skill level 6 in Armour
  4668 | D:5      | Reached XP level 8. HP: 25/62 MP: 8/8
  4801 | D:5      | Noticed Eustachio
  4833 | D:5      | Killed Eustachio
  4974 | D:5      | Noticed Grinder
  5013 | D:5      | Killed Grinder
  5090 | D:5      | Reached skill level 7 in Armour
  5292 | D:5      | Found Uqutizxu's Antique Armour Shoppe.
  5303 | D:5      | Bought a cloak for 99 gold pieces
  5403 | D:6      | Identified the +2 chain mail of Decaying Lucidity {Str-5
                  | Int+3 Dex+2}
  5597 | D:6      | Gained mutation: You may rarely emit foul miasma when
                  | damaged in melee. [demonic ancestry]
  5597 | D:6      | Reached XP level 9. HP: 64/69 MP: 9/9
  5607 | D:6      | You fall into a shaft and drop 3 floors!
  6012 | D:8      | Noticed Harold
  6041 | D:8      | Noticed Erica
  6050 | D:8      | Killed Erica
  6051 | D:8      | Reached skill level 8 in Armour
  6091 | D:8      | Noticed Maurice
  6116 | D:8      | Noticed a polar bear
  6326 | D:7      | Identified the +5 whip "Myxzyga" {protect, rF+}
  6329 | D:7      | Noticed a +0 spear
  6329 | D:7      | Noticed a +0 falchion
  6329 | D:7      | Noticed a +0 dagger
  6329 | D:7      | Noticed a +0 spear
  6330 | D:7      | Noticed a +0 short sword
  6330 | D:7      | Noticed a +0 short sword
  6330 | D:7      | Noticed a +0 falchion
  6331 | D:7      | Noticed a +0 dagger
  6338 | D:7      | Found a hide-covered altar of Uskayaw.
  6566 | D:7      | Found a flagged portal.
  6575 | Bailey   | Entered a bailey
  6623 | Bailey   | Identified the +2 broad axe of Blue Duty {drain, rPois}
  6823 | Bailey   | Reached **** piety under Wu Jian
  6891 | Bailey   | Reached XP level 10. HP: 43/79 MP: 10/10
  7077 | Bailey   | Noticed a gargoyle
  7082 | Bailey   | Killed a gargoyle
  7083 | Bailey   | Reached skill level 9 in Armour
  7234 | Bailey   | HP: 5/118 [something (8)]
  7238 | Bailey   | Slain by a vampire

Illustrated notes

Levels and vault maps discovered:
D:1:      minmay_arrival_split_and_join, layout_basic,
          shapermc_ecumenical_altar_pompeii
D:2:      layout_basic
D:3:      layout_loops_corners
D:4:      layout_basic, elyvilon_altar_5, nicolae_wu_jian_wuxing_cycle
D:5:      layout_loops_corners, minmay_temple_entry_large_hall, serial_shops,
          nicolae_lakefront_shop, kennysheep_windowed_goal, uniq_eustachio,
          uniq_grinder
D:6:      minmay_chambers_of_fours, layout_rooms, nicolae_vehumet_radiance,
          serial_shops, nicolae_shop_window_shopping
D:7:      layout_basic, nicolae_uskayaw_en_pointe, kennysheep_mini,
          enter_bailey_3, amcnicky_altar_lugonu_corruption
D:8:      layout_loops_ring, serial_ice, serial_ice_n, serial_ice_j,
          serial_ice_c, serial_ice_h, columned_hall_lemuel, uniq_harold,
          uniq_erica, uniq_maurice
D:9:      layout_irregular_city, nicolae_sif_muna_condensation,
          nicolae_ru_sacrificial_ziggurat, nicolae_shop_fire_sale
          [nicolae_sub_dead_trees], eino_small_chamber_without_monster
Bailey:   bailey_polearm_vampire_castle_hellmonk, bailey

Skill      XL: |  1  2  3  4  5  6  7  8  9 10 |
---------------+-------------------------------+-----
Axes           | 2 3 4 5 7 8 |  8.7
Armour         | 3 4 5 6 7 8 9 |  9.1
Fighting       | 4 5 6 7 |  7.2
Shields        | |  2.7

Action                   |  1- 3 |  4- 6 |  7- 9 | 10-12 || total
-------------------------+-------+-------+-------+-------++-------
Melee: War axe           |    99 |   150 |   299 |       ||   548
       Kick              |    10 |    10 |       |       ||    20
       Broad axe         |       |       |    59 |    31 ||    90
Throw: Dart              |       |       |     9 |       ||     9
       Stone             |       |       |    14 |     1 ||    15
Invok: Lunge             |     1 |     6 |    21 |     3 ||    31
       Whirlwind         |     1 |     2 |     2 |     1 ||     6
Evoke: Wand              |       |       |     1 |       ||     1
  Use: Potion            |     4 |     1 |     2 |     5 ||    12
       Scroll            |     2 |     4 |     3 |     1 ||    10
Armor: Scale mail        |    20 |    40 |   152 |     6 ||   218
       Skin              |    26 |     5 |       |       ||    31
Dodge: Dodged            |    34 |    48 |   213 |    10 ||   305
Block: Buckler           |    47 |    68 |   221 |    13 ||   349
       Reflection        |       |     1 |     1 |     1 ||     3
